AoeStats
← SamDT

Arena

508600494Analyzed
1v1 RM · 10d ago on Sep 23, 2026· 34m 38s· 2 players
Game mode
Random Map
Map size
Tiny (2 player)
Population
200
Speed
Normal
Resources
Standard
Victory
Conquest
Starting age
Dark Age
Ending age
Imperial Age
RankedLock teamsTeams togetherTeam positionsShared explorationLock speedFull tech treeHidden civsTurbo modeCheats
Victory
Defeat
🇳🇿 Turks · New Zealand
730
+18
🇲🇽 Saracens · Mexico
773
-18
SamDT
13:45 Feudal Age
17:42 Castle Age
16:23 Double-Bit Axe
16:32 Gold Mining
22:10 Imperial Age
25:09 Padded Archer Armor
ricardowong91
9:34 Feudal Age
15:32 Castle Age
16:34 Loom
18:13 Double-Bit Axe
18:09 Horse Collar
21:48 Town Watch
23:03 Wheelbarrow
22:48 Bow Saw
24:56 Heavy Plow
24:53 Fletching
26:13 Redemption
28:26 Forging
28:24 Scale Barding Armor
29:25 Husbandry
30:26 Bloodlines
34:10 Iron Casting
Connection lost

Rejoining the realm…

Still unreachable

The connection could not be restored.

Session expired

The server has moved on; the page needs a fresh start.